WCHLSIM.com - West Coast Hockey League
html PUBLIC "-//W3C//DTD XHTML 1.0 Transitional//EN" "http://www.w3.org/TR/xhtml1/DTD/xhtml1-transitional.dtd"> WCHL - Game 275 - PORTLAND PIRATES vs ANAHEIM OUTLAWS

PORTLAND PIRATES vs ANAHEIM OUTLAWS

Created - 21 novembre 2023 at 21:34

Goals
1 2 3 T
PORTLAND PIRATES 1 1 1 3
ANAHEIM OUTLAWS 4 0 0 4
Shots
1 2 3 T
PORTLAND PIRATES 7 7 8 22
ANAHEIM OUTLAWS 17 10 12 39

1st period

1. ANAHEIM OUTLAWS , Evgeny Kuznetsov 7 (Jeff Skinner 8, Kevin Fiala 13) at 8:07
2. ANAHEIM OUTLAWS , Adrian Kempe 4 (Morgan Rielly 7, Carter Verhaeghe 4) at 10:53
3. ANAHEIM OUTLAWS , Kent Johnson 3 (Jack Quinn 2, Pius Suter 5) at 10:59
4. ANAHEIM OUTLAWS , Noah Hanifin 2 (Jack Quinn 3, Pius Suter 6) at 13:50
5. PORTLAND PIRATES , Robert Thomas 6 (Travis Konecny 6) at 14:11

Penalties :
Brian Dumoulin (POR) for Slashing (Minor) at 18:33

2nd period

6. PORTLAND PIRATES , Chandler Stephenson 6 (Mika Zibanejad 12, Yanni Gourde 8) at 13:36

Penalties :
No Penalty

3rd period

7. PORTLAND PIRATES , Yanni Gourde 7 (Mika Zibanejad 13, Chandler Stephenson 12) at 15:52

Penalties :
Kevin Fiala (ANA) for Goalie Interference (Minor) at 15:53

Goalie Stats

Cameron Talbot (POR), 28 saves from 28 shots - (1,000), 45:10 minutes
Martin Jones (POR), 7 saves from 11 shots - (0,636), L, 8-6-0, 13:50 minutes
Jacob Markstrom (ANA), 19 saves from 22 shots - (0,864), W, 10-6-1, 60:00 minutes

Players Stats for PORTLAND PIRATES

Player Name              G  A  P  +/- PIM S  H  SB GA TA FO     MP     PP MP  PK MP  
------------------------------------------------------------------------------------
Alec Martinez            0  0  0   0  0   0  0  0  0  0  0/0    19:52   1:04   0:49 
Brett Pesce              0  0  0  -2  0   0  2  1  0  0  0/0    19:34   0:00   1:10 
Brian Dumoulin           0  0  0   1  2   1  1  1  0  0  0/0    19:14   0:00   0:00 
Chandler Stephenson      1  1  2   0  0   7  1  0  0  0  0/2    19:59   0:55   0:00 
Marc Staal               0  0  0  -2  0   0  1  3  0  0  0/0    19:58   0:00   1:10 
Michael Amadio           0  0  0   0  0   0  0  0  0  0  0/2    11:47   0:00   0:28 
Michael McLeod           0  0  0  -1  0   0  0  0  0  0  4/11    8:29   0:00   1:31 
Mika Zibanejad           0  2  2   0  0   1  0  1  0  0  11/21  19:58   1:04   0:00 
Nathan Bastian           0  0  0  -1  0   0  0  1  0  0  0/0     8:29   0:00   1:31 
Nick Holden              0  0  0   0  0   0  0  0  0  0  0/0     6:50   0:55   0:00 
Pavel Zacha              0  0  0   0  0   1  0  0  0  0  0/0    19:46   0:55   0:00 
Robert Thomas            1  0  1   0  0   4  1  0  0  0  12/22  20:19   1:04   0:00 
Sam Steel                0  0  0   0  0   1  0  0  0  0  10/13  11:19   0:00   0:00 
Thomas Chabot            0  0  0   1  0   0  1  0  0  0  0/0    20:34   0:55   0:00 
Travis Hamonic           0  0  0   0  0   1  1  2  0  0  0/0    13:57   1:04   0:49 
Travis Konecny           0  1  1   0  0   2  3  0  0  0  0/0    20:19   1:04   0:00 
William Carrier          0  0  0  -1  0   2  4  0  0  0  1/2    17:43   0:00   0:00 
Yanni Gourde             1  1  2   0  0   2  2  0  0  0  1/2    19:53   0:55   0:28 

Players Stats for ANAHEIM OUTLAWS

Player Name              G  A  P  +/- PIM S  H  SB GA TA FO     MP     PP MP  PK MP  
------------------------------------------------------------------------------------
Adrian Kempe             1  0  1   1  0   7  3  0  0  0  7/18   19:08   0:00   0:00 
Carter Verhaeghe         0  1  1   1  0   0  0  0  0  0  0/1    19:08   0:00   0:00 
David Gustafsson         0  0  0  -1  0   0  0  0  0  0  0/0     5:39   0:00   0:00 
Evgeny Kuznetsov         1  0  1  -1  0   3  0  0  0  0  18/32  24:14   1:08   1:07 
Henri Jokiharju          0  0  0   1  0   1  4  1  0  0  0/0    20:59   1:08   1:03 
Ian Mitchell             0  0  0   1  0   0  0  1  0  0  0/0    15:39   0:00   0:00 
Jack Quinn               0  2  2   1  0   1  2  0  0  0  2/3    14:55   0:00   0:00 
Jacob Trouba             0  0  0   0  0   1  3  0  0  0  0/0    20:14   0:51   0:56 
Jeff Skinner             0  1  1   0  0   6  1  0  0  0  0/0    18:03   0:51   0:52 
Kent Johnson             1  0  1   1  0   6  0  0  0  0  0/1    15:46   0:51   0:00 
Kevin Fiala              0  1  1   0  2   5  0  0  0  0  0/1    17:27   1:08   0:00 
Michael Bunting          0  0  0   1  0   1  1  0  0  0  1/2    21:08   1:08   0:52 
Morgan Rielly            0  1  1  -1  0   2  1  2  0  0  0/0    23:22   0:51   0:56 
Noah Hanifin             1  0  1   0  0   2  1  5  0  0  0/0    24:07   1:08   1:03 
Pierre Engvall           0  0  0  -1  0   1  0  0  0  0  0/0     5:39   0:00   0:00 
Pius Suter               0  2  2   1  0   3  0  0  0  0  8/17   16:53   0:51   1:07 
Rasmus Ristolainen       0  0  0   1  0   0  3  0  0  0  0/0    15:39   0:00   0:00 
Victor Soderstrom        0  0  0   0  0   0  0  0  0  0  0/0     0:00   0:00   0:00 

3 Stars

1 - Adrian Kempe (ANA)
2 - Yanni Gourde (POR)
3 - Jack Quinn (ANA)

Power Play

PORTLAND PIRATES - 0 on 1 Attempt(s) - 0,00%
ANAHEIM OUTLAWS - 0 on 1 Attempt(s) - 0,00%

Penalty Kill

PORTLAND PIRATES - 1 on 1 Attempt(s) - 100,00% - Score 0 goal in Penalty Kill
ANAHEIM OUTLAWS - 1 on 1 Attempt(s) - 100,00% - Score 0 goal in Penalty Kill

Team Stat

PORTLAND PIRATES - Hits : 17 - Faceoff Wins : 39 - Blocked Shots : 9 - Penalty Minutes : 2
ANAHEIM OUTLAWS - Hits : 19 - Faceoff Wins : 36 - Blocked Shots : 9 - Penalty Minutes : 2

Official

Referees : Robert Hennessey and Andrew Wilk
Linesman : Libor Suchanek and Jaime Alary

Game Notes

Cameron Talbot enters game at 13:50 of 1st period

Finance

Level 1 -- Attendance: 4821 (74,17%) -- Ticket Income 940 095 $
Level 2 -- Attendance: 4066 (73,93%) -- Ticket Income 528 580 $
Level 3 -- Attendance: 2186 (87,44%) -- Ticket Income 196 740 $
Level 4 -- Attendance: 3555 (71,10%) -- Ticket Income 266 625 $
Luxury Box -- Attendance: 652 (65,20%) -- Ticket Income 260 800 $
Game was played at the Bouch Garden.
Total Attendance: 15280 (74,54%)
Total Ticket Income: 2 192 840 $
Other Expense: 21 928 $
Total Income: 2 170 912 $

PORTLAND PIRATES

5 vs 5 Forward 
   Center                   Left Wing                Right Wing               Time % Phy DF OF 
 1 Mika Zibanejad           Chandler Stephenson      Yanni Gourde             33     0   2  3  
 2 Robert Thomas            Pavel Zacha              Travis Konecny           33     0   2  3  
 3 Sam Steel                William Carrier          Michael Amadio           22     0   3  2  
 4 Michael McLeod           William Carrier          Nathan Bastian           12     0   3  2  

5 vs 5 Defense 
   Defense                  Defense                                           Time % Phy DF OF 
 1 Brett Pesce              Marc Staal                                        34     0   4  1  
 2 Brian Dumoulin           Thomas Chabot                                     34     0   4  1  
 3 Travis Hamonic           Alec Martinez                                     22     0   4  1  
 4 Nick Holden              Alec Martinez                                     10     0   4  1  

PowerPlay Forward 
   Center                   Left Wing                Right Wing               Time % Phy DF OF 
 1 Mika Zibanejad           Travis Konecny           Robert Thomas            60     0   0  5  
 2 Chandler Stephenson      Pavel Zacha              Yanni Gourde             40     0   0  5  

PowerPlay Defense
   Defense                  Defense                                           Time % Phy DF OF 
 1 Thomas Chabot            Nick Holden                                       60     0   1  4  
 2 Alec Martinez            Travis Hamonic                                    40     0   1  4  

Penalty Kill 4 Players Forward 
   Center                   Wing                     Time % Phy DF OF 
 1 Michael McLeod           Nathan Bastian           60     0   5  0  
 2 Yanni Gourde             Michael Amadio           40     0   5  0  

Penalty Kill 4 Players Defense
   Defense                  Defense                  Time % Phy DF OF 
 1 Brett Pesce              Marc Staal               60     0   5  0  
 2 Brian Dumoulin           Travis Hamonic           40     0   5  0  

Penalty Kill - 3 Players Forward 
   Forward                                           Time % Phy DF OF 
 1 Michael McLeod                                    55     0   5  0  
 2 Chandler Stephenson                               45     0   5  0  

Penalty Kill - 3 Players Defense
   Defense                  Defense                  Time % Phy DF OF 
 1 Brian Dumoulin           Nick Holden              55     0   5  0  
 2 Brett Pesce              Alec Martinez            45     0   5  0  

4 vs 4 Forward 
   Center                   Wing                     Time % Phy DF OF 
 1 Mika Zibanejad           Travis Konecny           55     0   1  4  
 2 Chandler Stephenson      Robert Thomas            45     0   1  4  

4 vs 4 Defense
   Defense                  Defense                  Time % Phy DF OF 
 1 Thomas Chabot            Nick Holden              55     0   2  3  
 2 Marc Staal               Alec Martinez            45     0   2  3  

Last Minutes Offensive
   Center                   Left Wing                Right Wing               Defense                  Defense                  
   Mika Zibanejad           Travis Konecny           Robert Thomas            Thomas Chabot            Nick Holden              

Last Minutes Defensive
   Center                   Left Wing                Right Wing               Defense                  Defense                  
   Michael McLeod           Chandler Stephenson      Yanni Gourde             Brian Dumoulin           Brett Pesce              

Goaltenders
Starting : Martin Jones             
Backup : Cameron Talbot           

Extra Forwards
Normal : William Carrier, Michael McLeod, Michael Amadio - PP : William Carrier, Sam Steel - PK : Sam Steel
Extra Defensemen
Normal : Alec Martinez, Marc Staal, Travis Hamonic - PP : Brett Pesce - PK : Alec Martinez, Thomas Chabot
Penalty Shots
Mika Zibanejad, Travis Konecny, Robert Thomas, Chandler Stephenson, Pavel Zacha
Custom OT Lines Forwards
Mika Zibanejad, Robert Thomas, Travis Konecny, Chandler Stephenson, Yanni Gourde, Pavel Zacha, Sam Steel, William Carrier, Michael McLeod, Michael Amadio
Custom OT Lines Defensemen
Thomas Chabot, Brett Pesce, Brian Dumoulin, Travis Hamonic, Marc Staal

Scratches
Ryan McLeod (Left Hip Injury), Ryan Donato (Healthy)

ANAHEIM OUTLAWS

5 vs 5 Forward 
   Center                   Left Wing                Right Wing               Time % Phy DF OF 
 1 Evgeny Kuznetsov         Jeff Skinner             Kevin Fiala              36     1   2  2  
 2 Adrian Kempe             Michael Bunting          Carter Verhaeghe         31     1   2  2  
 3 Pius Suter               Kent Johnson             Jack Quinn               23     1   2  2  
 4 Evgeny Kuznetsov         Pierre Engvall           David Gustafsson         10     1   2  2  

5 vs 5 Defense 
   Defense                  Defense                                           Time % Phy DF OF 
 1 Jacob Trouba             Morgan Rielly                                     36     1   2  2  
 2 Noah Hanifin             Henri Jokiharju                                   31     1   2  2  
 3 Rasmus Ristolainen       Ian Mitchell                                      23     1   2  2  
 4 Noah Hanifin             Morgan Rielly                                     10     1   2  2  

PowerPlay Forward 
   Center                   Left Wing                Right Wing               Time % Phy DF OF 
 1 Pius Suter               Jeff Skinner             Kent Johnson             55     1   2  2  
 2 Evgeny Kuznetsov         Michael Bunting          Kevin Fiala              45     1   2  2  

PowerPlay Defense
   Defense                  Defense                                           Time % Phy DF OF 
 1 Jacob Trouba             Morgan Rielly                                     55     1   2  2  
 2 Noah Hanifin             Henri Jokiharju                                   45     1   2  2  

Penalty Kill 4 Players Forward 
   Center                   Wing                     Time % Phy DF OF 
 1 Evgeny Kuznetsov         Pius Suter               55     1   2  2  
 2 Jeff Skinner             Michael Bunting          45     1   2  2  

Penalty Kill 4 Players Defense
   Defense                  Defense                  Time % Phy DF OF 
 1 Jacob Trouba             Morgan Rielly            55     1   2  2  
 2 Noah Hanifin             Henri Jokiharju          45     1   2  2  

Penalty Kill - 3 Players Forward 
   Forward                                           Time % Phy DF OF 
 1 Pius Suter                                        55     1   2  2  
 2 Michael Bunting                                   45     1   2  2  

Penalty Kill - 3 Players Defense
   Defense                  Defense                  Time % Phy DF OF 
 1 Rasmus Ristolainen       Morgan Rielly            55     1   2  2  
 2 Noah Hanifin             Henri Jokiharju          45     1   2  2  

4 vs 4 Forward 
   Center                   Wing                     Time % Phy DF OF 
 1 Evgeny Kuznetsov         Pius Suter               55     1   2  2  
 2 Kent Johnson             Michael Bunting          45     1   2  2  

4 vs 4 Defense
   Defense                  Defense                  Time % Phy DF OF 
 1 Jacob Trouba             Morgan Rielly            55     1   2  2  
 2 Noah Hanifin             Henri Jokiharju          45     1   2  2  

Last Minutes Offensive
   Center                   Left Wing                Right Wing               Defense                  Defense                  
   Evgeny Kuznetsov         Kevin Fiala              Jeff Skinner             Jacob Trouba             Morgan Rielly            

Last Minutes Defensive
   Center                   Left Wing                Right Wing               Defense                  Defense                  
   Evgeny Kuznetsov         Kevin Fiala              Jeff Skinner             Jacob Trouba             Morgan Rielly            

Goaltenders
Starting : Jacob Markstrom          
Backup : Mackenzie Blackwood      

Extra Forwards
Normal : Pius Suter, Michael Bunting, Kent Johnson - PP : Pius Suter, Kent Johnson - PK : Kent Johnson
Extra Defensemen
Normal : Morgan Rielly, Noah Hanifin, Henri Jokiharju - PP : Morgan Rielly - PK : Noah Hanifin, Morgan Rielly
Penalty Shots
Kent Johnson, Kevin Fiala, Pius Suter, Michael Bunting, Evgeny Kuznetsov
Custom OT Lines Forwards
Evgeny Kuznetsov, Kevin Fiala, Jeff Skinner, Michael Bunting, Adrian Kempe, Carter Verhaeghe, Pius Suter, Pierre Engvall, Kent Johnson, Jack Quinn
Custom OT Lines Defensemen
Rasmus Ristolainen, Morgan Rielly, Noah Hanifin, Henri Jokiharju, Jacob Trouba

Scratches
Michael Rasmussen (Broken Left Thumb Injury)

% Time on Ice - PORTLAND PIRATES

Lines # - Real PCT - Wanted PCT - Time Play
Normal Forward
1 - 33% - 33% - 18:30
2 - 34% - 33% - 18:51
3 - 20% - 22% - 11:19
4 - 13% - 12% - 6:58
Normal Defense
1 - 33% - 34% - 18:24
2 - 35% - 34% - 19:15
3 - 22% - 22% - 12:04
4 - 11% - 10% - 5:55
PP Forward
1 - 54% - 60% - 1:04
2 - 46% - 40% - 0:55
PP Defense
1 - 46% - 60% - 0:55
2 - 54% - 40% - 1:04
PK Forward
1 - 76% - 60% - 1:31
2 - 24% - 40% - 0:28
PK Defense
1 - 59% - 60% - 1:10
2 - 41% - 40% - 0:49
PK3 Forward
1 - 0% - 55%
2 - 0% - 45%
PK3 Defense
1 - 0% - 55%
2 - 0% - 45%
44 Forward
1 - 0% - 55%
2 - 0% - 45%
44 Defense
1 - 0% - 55%
2 - 0% - 45%
Last Minute Offensive  - 0:24
Last Minute Defensive  - 0:00
Total
Forward - 60:00
Defense - 60:00

% Time on Ice - ANAHEIM OUTLAWS

Lines # - Real PCT - Wanted PCT - Time Play
Normal Forward
1 - 29% - 36% - 16:06
2 - 34% - 31% - 19:08
3 - 27% - 23% - 14:55
4 - 10% - 10% - 5:39
Normal Defense
1 - 33% - 36% - 18:13
2 - 34% - 31% - 18:48
3 - 28% - 23% - 15:39
4 - 6% - 10% - 3:08
PP Forward
1 - 43% - 55% - 0:51
2 - 57% - 45% - 1:08
PP Defense
1 - 43% - 55% - 0:51
2 - 57% - 45% - 1:08
PK Forward
1 - 56% - 55% - 1:07
2 - 44% - 45% - 0:52
PK Defense
1 - 47% - 55% - 0:56
2 - 53% - 45% - 1:03
PK3 Forward
1 - 0% - 55%
2 - 0% - 45%
PK3 Defense
1 - 0% - 55%
2 - 0% - 45%
44 Forward
1 - 0% - 55%
2 - 0% - 45%
44 Defense
1 - 0% - 55%
2 - 0% - 45%
Last Minute Offensive  - 0:00
Last Minute Defensive  - 0:14
Total
Forward - 60:00
Defense - 60:00

Play-by-Play

1st period


0:01 of 1st period - Mika Zibanejad wins face-off versus Evgeny Kuznetsov in neutral zone.
0:03 of 1st period - Yanni Gourde is hit by Jacob Trouba and loses puck.
0:19 of 1st period - Evgeny Kuznetsov is hit by Marc Staal and loses puck.
1:46 of 1st period - Icing by Thomas Chabot.
1:47 of 1st period - Robert Thomas wins face-off versus Pius Suter in PORTLAND PIRATES zone.
1:47 of 1st period - Robert Thomas is hit by Jack Quinn.
2:06 of 1st period - Shot by Pius Suter.
2:06 of 1st period - Stopped by Martin Jones without a rebound.
2:07 of 1st period - William Carrier wins face-off versus Evgeny Kuznetsov in PORTLAND PIRATES zone.
2:35 of 1st period - Icing by Alec Martinez.
2:36 of 1st period - Sam Steel wins face-off versus Pius Suter in PORTLAND PIRATES zone.
2:55 of 1st period - Jack Quinn is hit by William Carrier and loses puck.
3:10 of 1st period - Shot by Jack Quinn.
3:10 of 1st period - Deflect By Kent Johnson.
3:10 of 1st period - Stopped by Martin Jones without a rebound.
3:11 of 1st period - Robert Thomas wins face-off versus Evgeny Kuznetsov in PORTLAND PIRATES zone.
3:22 of 1st period - Shot by Travis Konecny.
3:22 of 1st period - Stopped by Jacob Markstrom without a rebound.
3:23 of 1st period - Mika Zibanejad wins face-off versus Adrian Kempe in ANAHEIM OUTLAWS zone.
3:27 of 1st period - Chandler Stephenson is hit by Henri Jokiharju and loses puck.
3:57 of 1st period - Icing by Noah Hanifin.
3:58 of 1st period - Adrian Kempe wins face-off versus Michael McLeod in ANAHEIM OUTLAWS zone.
4:07 of 1st period - Shot by William Carrier.
4:07 of 1st period - Stopped by Jacob Markstrom without a rebound.
4:08 of 1st period - Robert Thomas wins face-off versus Evgeny Kuznetsov in ANAHEIM OUTLAWS zone.
4:42 of 1st period - Shot by Kevin Fiala.
4:42 of 1st period - Shot Misses the Net.
4:52 of 1st period - Shot by Kevin Fiala.
4:52 of 1st period - Stopped by Martin Jones with a rebound.
5:10 of 1st period - Pius Suter is hit by Travis Konecny and loses puck.
5:35 of 1st period - Shot by Jack Quinn.
5:35 of 1st period - Stopped by Martin Jones with a rebound.
6:13 of 1st period - Shot by Michael McLeod.
6:13 of 1st period - Shot Misses the Net.
6:15 of 1st period - Shot by Nick Holden.
6:15 of 1st period - Deflect By William Carrier.
6:15 of 1st period - Stopped by Jacob Markstrom without a rebound.
6:16 of 1st period - Mika Zibanejad wins face-off versus Evgeny Kuznetsov in ANAHEIM OUTLAWS zone.
6:30 of 1st period - Shot by Chandler Stephenson.
6:30 of 1st period - Deflect By Yanni Gourde.
6:30 of 1st period - Shot Misses the Net.
6:37 of 1st period - Icing by Morgan Rielly.
6:38 of 1st period - Evgeny Kuznetsov wins face-off versus Sam Steel in ANAHEIM OUTLAWS zone.
7:16 of 1st period - Adrian Kempe is hit by William Carrier and loses puck.
7:26 of 1st period - Shot by Noah Hanifin.
7:26 of 1st period - Shot Misses the Net.
7:32 of 1st period - Shot by Michael Bunting.
7:32 of 1st period - Shot Misses the Net.
7:34 of 1st period - Shot by Adrian Kempe.
7:34 of 1st period - Shot Misses the Net.
7:38 of 1st period - Shot by Michael Bunting.
7:38 of 1st period - Shot Misses the Net.
7:40 of 1st period - Shot by Noah Hanifin.
7:40 of 1st period - Shot Blocked by Travis Hamonic.
7:42 of 1st period - Shot by Noah Hanifin.
7:42 of 1st period - Shot Misses the Net.
7:44 of 1st period - Shot by Henri Jokiharju.
7:44 of 1st period - Stopped by Martin Jones without a rebound.
7:45 of 1st period - Jack Quinn wins face-off versus Mika Zibanejad in PORTLAND PIRATES zone.
7:45 of 1st period - Jack Quinn is hit by Brett Pesce.
7:53 of 1st period - Shot by Pius Suter.
7:53 of 1st period - Stopped by Martin Jones without a rebound.
7:54 of 1st period - Mika Zibanejad wins face-off versus Evgeny Kuznetsov in PORTLAND PIRATES zone.
8:05 of 1st period - Shot by Jeff Skinner.
8:05 of 1st period - Shot Blocked by Marc Staal.
8:07 of 1st period - Shot by Evgeny Kuznetsov.
8:07 of 1st period - Goal by Evgeny Kuznetsov - PORTLAND PIRATES : 0 - ANAHEIM OUTLAWS : 1.
8:08 of 1st period - Robert Thomas wins face-off versus Pius Suter in neutral zone.
8:08 of 1st period - Robert Thomas is hit by Jack Quinn.
8:15 of 1st period - Off-side.
8:16 of 1st period - Mika Zibanejad wins face-off versus Evgeny Kuznetsov in neutral zone.
8:44 of 1st period - Icing by Jeff Skinner.
8:45 of 1st period - Robert Thomas wins face-off versus Evgeny Kuznetsov in ANAHEIM OUTLAWS zone.
8:51 of 1st period - Travis Konecny is hit by Noah Hanifin.
8:53 of 1st period - Shot by Robert Thomas.
8:53 of 1st period - Shot Blocked by Noah Hanifin.
8:55 of 1st period - Shot by Travis Konecny.
8:55 of 1st period - Stopped by Jacob Markstrom without a rebound.
8:56 of 1st period - Jack Quinn wins face-off versus Michael McLeod in ANAHEIM OUTLAWS zone.
9:19 of 1st period - Shot by William Carrier.
9:19 of 1st period - Shot Misses the Net.
9:21 of 1st period - Shot by Brian Dumoulin.
9:21 of 1st period - Stopped by Jacob Markstrom without a rebound.
9:22 of 1st period - Evgeny Kuznetsov wins face-off versus Mika Zibanejad in ANAHEIM OUTLAWS zone.
9:27 of 1st period - Shot by Kevin Fiala.
9:27 of 1st period - Deflect By Jeff Skinner.
9:27 of 1st period - Stopped by Martin Jones without a rebound.
9:28 of 1st period - Evgeny Kuznetsov wins face-off versus Mika Zibanejad in PORTLAND PIRATES zone.
10:19 of 1st period - Icing by Alec Martinez.
10:20 of 1st period - Adrian Kempe wins face-off versus Mika Zibanejad in PORTLAND PIRATES zone.
10:53 of 1st period - Shot by Adrian Kempe.
10:53 of 1st period - Goal by Adrian Kempe - PORTLAND PIRATES : 0 - ANAHEIM OUTLAWS : 2.
10:54 of 1st period - Pius Suter wins face-off versus Robert Thomas in neutral zone.
10:59 of 1st period - Shot by Kent Johnson.
10:59 of 1st period - Goal by Kent Johnson - PORTLAND PIRATES : 0 - ANAHEIM OUTLAWS : 3.
11:00 of 1st period - Robert Thomas wins face-off versus Evgeny Kuznetsov in neutral zone.
11:15 of 1st period - Shot by Travis Konecny.
11:15 of 1st period - Shot Blocked by Ian Mitchell.
11:17 of 1st period - Shot by Thomas Chabot.
11:17 of 1st period - Shot Misses the Net.
11:23 of 1st period - Shot by Pavel Zacha.
11:23 of 1st period - Shot Misses the Net.
11:25 of 1st period - Shot by Brian Dumoulin.
11:25 of 1st period - Shot Misses the Net.
12:40 of 1st period - Michael Bunting is hit by Travis Hamonic and loses puck.
13:30 of 1st period - Shot by Kent Johnson.
13:30 of 1st period - Shot Blocked by Brett Pesce.
13:38 of 1st period - Shot by Jack Quinn.
13:38 of 1st period - Shot Misses the Net.
13:44 of 1st period - Shot by Pius Suter.
13:44 of 1st period - Shot Misses the Net.
13:46 of 1st period - Shot by Pius Suter.
13:46 of 1st period - Deflect By Jack Quinn.
13:46 of 1st period - Shot Misses the Net.
13:48 of 1st period - Shot by Noah Hanifin.
13:48 of 1st period - Shot Blocked by Marc Staal.
13:50 of 1st period - Shot by Noah Hanifin.
13:50 of 1st period - Goal by Noah Hanifin - PORTLAND PIRATES : 0 - ANAHEIM OUTLAWS : 4.
13:50 of 1st period - Cameron Talbot enters game.
13:51 of 1st period - Evgeny Kuznetsov wins face-off versus Robert Thomas in neutral zone.
14:11 of 1st period - Shot by Robert Thomas.
14:11 of 1st period - Goal by Robert Thomas - PORTLAND PIRATES : 1 - ANAHEIM OUTLAWS : 4.
14:12 of 1st period - Evgeny Kuznetsov wins face-off versus Michael McLeod in neutral zone.
14:37 of 1st period - Shot by Jeff Skinner.
14:37 of 1st period - Stopped by Cameron Talbot without a rebound.
14:38 of 1st period - Robert Thomas wins face-off versus Adrian Kempe in PORTLAND PIRATES zone.
15:07 of 1st period - Shot by Michael Bunting.
15:07 of 1st period - Stopped by Cameron Talbot without a rebound.
15:08 of 1st period - Pius Suter wins face-off versus Chandler Stephenson in PORTLAND PIRATES zone.
15:11 of 1st period - Shot by Kent Johnson.
15:11 of 1st period - Shot Misses the Net.
15:35 of 1st period - Shot by Kent Johnson.
15:35 of 1st period - Deflect By Jack Quinn.
15:35 of 1st period - Shot Blocked by Marc Staal.
16:41 of 1st period - William Carrier is hit by Rasmus Ristolainen.
17:00 of 1st period - Robert Thomas is hit by Rasmus Ristolainen and loses puck.
17:22 of 1st period - Shot by Pavel Zacha.
17:22 of 1st period - Stopped by Jacob Markstrom without a rebound.
17:23 of 1st period - Mika Zibanejad wins face-off versus Adrian Kempe in ANAHEIM OUTLAWS zone.
17:37 of 1st period - Icing by Henri Jokiharju.
17:38 of 1st period - Adrian Kempe wins face-off versus William Carrier in ANAHEIM OUTLAWS zone.
17:38 of 1st period - Noah Hanifin is hit by William Carrier and loses puck.
17:53 of 1st period - Shot by Adrian Kempe.
17:53 of 1st period - Stopped by Cameron Talbot without a rebound.
17:54 of 1st period - Robert Thomas wins face-off versus Jack Quinn in PORTLAND PIRATES zone.
17:59 of 1st period - Shot by Robert Thomas.
17:59 of 1st period - Shot Misses the Net.
18:13 of 1st period - Shot by Jack Quinn.
18:13 of 1st period - Shot Misses the Net.
18:32 of 1st period - Shot by Kent Johnson.
18:32 of 1st period - Stopped by Cameron Talbot with a rebound.
18:33 of 1st period - Minor Penalty to Brian Dumoulin for Slashing.
18:34 of 1st period - Evgeny Kuznetsov wins face-off versus Michael McLeod in PORTLAND PIRATES zone.
18:49 of 1st period - Shot by Kevin Fiala.
18:49 of 1st period - Deflect By Evgeny Kuznetsov.
18:49 of 1st period - Shot Misses the Net.
19:13 of 1st period - Shot by Noah Hanifin.
19:13 of 1st period - Shot Blocked by Nathan Bastian.
19:15 of 1st period - Shot by Noah Hanifin.
19:15 of 1st period - Stopped by Cameron Talbot with a rebound.
19:17 of 1st period - Shot by Henri Jokiharju.
19:17 of 1st period - Shot Blocked by Travis Hamonic.
19:33 of 1st period - Shot by Morgan Rielly.
19:33 of 1st period - Stopped by Cameron Talbot without a rebound.
19:34 of 1st period - Yanni Gourde wins face-off versus Pius Suter in PORTLAND PIRATES zone.
Goals for this period are 1 for PORTLAND PIRATES vs 4 for ANAHEIM OUTLAWS.
Shots for this period are 7 for PORTLAND PIRATES vs 17 for ANAHEIM OUTLAWS.

2nd period


0:01 of 2nd period - Michael McLeod wins face-off versus Pius Suter in neutral zone.
0:14 of 2nd period - Shot by Morgan Rielly.
0:14 of 2nd period - Stopped by Cameron Talbot without a rebound.
0:15 of 2nd period - Evgeny Kuznetsov wins face-off versus Michael McLeod in PORTLAND PIRATES zone.
0:31 of 2nd period - Marc Staal is hit by Michael Bunting and loses puck.
0:52 of 2nd period - Shot by Sam Steel.
0:52 of 2nd period - Stopped by Jacob Markstrom without a rebound.
0:53 of 2nd period - Mika Zibanejad wins face-off versus Michael Bunting in ANAHEIM OUTLAWS zone.
1:10 of 2nd period - Shot by Adrian Kempe.
1:10 of 2nd period - Stopped by Cameron Talbot with a rebound.
1:15 of 2nd period - Icing by Marc Staal.
1:16 of 2nd period - Mika Zibanejad wins face-off versus Evgeny Kuznetsov in PORTLAND PIRATES zone.
1:57 of 2nd period - Shot by Kevin Fiala.
1:57 of 2nd period - Stopped by Cameron Talbot without a rebound.
1:58 of 2nd period - Robert Thomas wins face-off versus Adrian Kempe in PORTLAND PIRATES zone.
1:58 of 2nd period - Robert Thomas is hit by Adrian Kempe.
2:12 of 2nd period - Shot by Robert Thomas.
2:12 of 2nd period - Shot Misses the Net.
2:14 of 2nd period - Shot by Travis Hamonic.
2:14 of 2nd period - Stopped by Jacob Markstrom without a rebound.
2:15 of 2nd period - Pius Suter wins face-off versus Sam Steel in ANAHEIM OUTLAWS zone.
2:15 of 2nd period - Pius Suter is hit by William Carrier.
2:22 of 2nd period - Rasmus Ristolainen is hit by Brian Dumoulin and loses puck.
3:24 of 2nd period - Shot by Adrian Kempe.
3:24 of 2nd period - Stopped by Cameron Talbot without a rebound.
3:25 of 2nd period - Evgeny Kuznetsov wins face-off versus Yanni Gourde in PORTLAND PIRATES zone.
3:28 of 2nd period - Shot by Jeff Skinner.
3:28 of 2nd period - Shot Misses the Net.
3:30 of 2nd period - Shot by Evgeny Kuznetsov.
3:30 of 2nd period - Stopped by Cameron Talbot without a rebound.
3:31 of 2nd period - Mika Zibanejad wins face-off versus Adrian Kempe in PORTLAND PIRATES zone.
4:15 of 2nd period - Shot by Yanni Gourde.
4:15 of 2nd period - Shot Misses the Net.
5:13 of 2nd period - Icing by Jacob Trouba.
5:14 of 2nd period - Michael McLeod wins face-off versus Evgeny Kuznetsov in ANAHEIM OUTLAWS zone.
7:15 of 2nd period - Robert Thomas is hit by Adrian Kempe and loses puck.
7:51 of 2nd period - Shot by Robert Thomas.
7:51 of 2nd period - Deflect By Travis Konecny.
7:51 of 2nd period - Shot Blocked by Noah Hanifin.
7:54 of 2nd period - Icing by Henri Jokiharju.
7:55 of 2nd period - Sam Steel wins face-off versus Carter Verhaeghe in ANAHEIM OUTLAWS zone.
9:02 of 2nd period - Shot by Mika Zibanejad.
9:02 of 2nd period - Shot Misses the Net.
9:32 of 2nd period - Shot by Mika Zibanejad.
9:32 of 2nd period - Deflect By Chandler Stephenson.
9:32 of 2nd period - Stopped by Jacob Markstrom without a rebound.
9:33 of 2nd period - Robert Thomas wins face-off versus Evgeny Kuznetsov in ANAHEIM OUTLAWS zone.
9:35 of 2nd period - Travis Konecny is hit by Jacob Trouba and loses puck.
9:42 of 2nd period - Shot by Robert Thomas.
9:42 of 2nd period - Stopped by Jacob Markstrom without a rebound.
9:43 of 2nd period - Pius Suter wins face-off versus Robert Thomas in ANAHEIM OUTLAWS zone.
9:43 of 2nd period - Pius Suter is hit by Travis Konecny.
10:23 of 2nd period - Shot by Travis Konecny.
10:23 of 2nd period - Shot Misses the Net.
10:55 of 2nd period - Icing by Marc Staal.
10:56 of 2nd period - Evgeny Kuznetsov wins face-off versus Mika Zibanejad in PORTLAND PIRATES zone.
11:03 of 2nd period - Shot by Evgeny Kuznetsov.
11:03 of 2nd period - Deflect By Jeff Skinner.
11:03 of 2nd period - Shot Misses the Net.
11:19 of 2nd period - Shot by Kevin Fiala.
11:19 of 2nd period - Stopped by Cameron Talbot with a rebound.
11:21 of 2nd period - Shot by Kevin Fiala.
11:21 of 2nd period - Stopped by Cameron Talbot without a rebound.
11:22 of 2nd period - Sam Steel wins face-off versus Adrian Kempe in PORTLAND PIRATES zone.
11:22 of 2nd period - Sam Steel is hit by Adrian Kempe.
12:59 of 2nd period - Travis Konecny is hit by Morgan Rielly and loses puck.
13:26 of 2nd period - Shot by Mika Zibanejad.
13:26 of 2nd period - Stopped by Jacob Markstrom with a rebound.
13:28 of 2nd period - Shot by Mika Zibanejad.
13:28 of 2nd period - Deflect By Chandler Stephenson.
13:28 of 2nd period - Shot Misses the Net.
13:30 of 2nd period - Shot by Chandler Stephenson.
13:30 of 2nd period - Shot Misses the Net.
13:32 of 2nd period - Shot by Chandler Stephenson.
13:32 of 2nd period - Shot Misses the Net.
13:34 of 2nd period - Shot by Chandler Stephenson.
13:34 of 2nd period - Shot Blocked by Noah Hanifin.
13:36 of 2nd period - Shot by Chandler Stephenson.
13:36 of 2nd period - Goal by Chandler Stephenson - PORTLAND PIRATES : 2 - ANAHEIM OUTLAWS : 4.
13:37 of 2nd period - Michael McLeod wins face-off versus Kent Johnson in neutral zone.
15:52 of 2nd period - Shot by Adrian Kempe.
15:52 of 2nd period - Stopped by Cameron Talbot without a rebound.
15:53 of 2nd period - Sam Steel wins face-off versus Adrian Kempe in PORTLAND PIRATES zone.
16:06 of 2nd period - Shot by Adrian Kempe.
16:06 of 2nd period - Shot Blocked by Brian Dumoulin.
16:10 of 2nd period - Shot by Adrian Kempe.
16:10 of 2nd period - Stopped by Cameron Talbot without a rebound.
16:11 of 2nd period - Robert Thomas wins face-off versus Pius Suter in PORTLAND PIRATES zone.
17:01 of 2nd period - Kent Johnson is hit by Chandler Stephenson and loses puck.
17:17 of 2nd period - Evgeny Kuznetsov is hit by Thomas Chabot and loses puck.
17:26 of 2nd period - Shot by Jeff Skinner.
17:26 of 2nd period - Shot Misses the Net.
17:28 of 2nd period - Shot by Evgeny Kuznetsov.
17:28 of 2nd period - Stopped by Cameron Talbot without a rebound.
17:29 of 2nd period - Adrian Kempe wins face-off versus Michael Amadio in PORTLAND PIRATES zone.
17:45 of 2nd period - Icing by Adrian Kempe.
17:46 of 2nd period - Adrian Kempe wins face-off versus Robert Thomas in ANAHEIM OUTLAWS zone.
17:46 of 2nd period - Adrian Kempe is hit by Robert Thomas.
17:51 of 2nd period - Carter Verhaeghe is hit by Travis Konecny and loses puck.
18:53 of 2nd period - Icing by Noah Hanifin.
18:54 of 2nd period - Sam Steel wins face-off versus Adrian Kempe in ANAHEIM OUTLAWS zone.
19:09 of 2nd period - Shot by Michael Amadio.
19:09 of 2nd period - Shot Misses the Net.
19:12 of 2nd period - Icing by Henri Jokiharju.
19:13 of 2nd period - Adrian Kempe wins face-off versus Mika Zibanejad in ANAHEIM OUTLAWS zone.
19:32 of 2nd period - Shot by Chandler Stephenson.
19:32 of 2nd period - Stopped by Jacob Markstrom with a rebound.
19:48 of 2nd period - Shot by Kevin Fiala.
19:48 of 2nd period - Shot Misses the Net.
Goals for this period are 1 for PORTLAND PIRATES vs 0 for ANAHEIM OUTLAWS.
Shots for this period are 7 for PORTLAND PIRATES vs 10 for ANAHEIM OUTLAWS.

3rd period


0:01 of 3rd period - Evgeny Kuznetsov wins face-off versus Michael McLeod in neutral zone.
0:55 of 3rd period - Icing by Brett Pesce.
0:56 of 3rd period - Michael Bunting wins face-off versus Michael McLeod in PORTLAND PIRATES zone.
1:08 of 3rd period - Brett Pesce is hit by Henri Jokiharju and loses puck.
1:40 of 3rd period - Travis Konecny is hit by Henri Jokiharju and loses puck.
1:45 of 3rd period - Shot by Robert Thomas.
1:45 of 3rd period - Stopped by Jacob Markstrom with a rebound.
1:53 of 3rd period - Shot by Pavel Zacha.
1:53 of 3rd period - Shot Blocked by Henri Jokiharju.
1:55 of 3rd period - Shot by Travis Konecny.
1:55 of 3rd period - Shot Blocked by Noah Hanifin.
2:27 of 3rd period - Shot by Chandler Stephenson.
2:27 of 3rd period - Stopped by Jacob Markstrom without a rebound.
2:28 of 3rd period - Pius Suter wins face-off versus Mika Zibanejad in ANAHEIM OUTLAWS zone.
2:28 of 3rd period - Pius Suter is hit by Yanni Gourde.
2:42 of 3rd period - Shot by Kent Johnson.
2:42 of 3rd period - Stopped by Cameron Talbot without a rebound.
2:43 of 3rd period - Sam Steel wins face-off versus Kevin Fiala in PORTLAND PIRATES zone.
2:45 of 3rd period - Icing by Brett Pesce.
2:46 of 3rd period - Evgeny Kuznetsov wins face-off versus Sam Steel in PORTLAND PIRATES zone.
2:47 of 3rd period - Shot by Jeff Skinner.
2:47 of 3rd period - Stopped by Cameron Talbot without a rebound.
2:48 of 3rd period - Evgeny Kuznetsov wins face-off versus Robert Thomas in PORTLAND PIRATES zone.
3:03 of 3rd period - Shot by Kevin Fiala.
3:03 of 3rd period - Stopped by Cameron Talbot without a rebound.
3:04 of 3rd period - Sam Steel wins face-off versus Pius Suter in PORTLAND PIRATES zone.
3:29 of 3rd period - Shot by Pius Suter.
3:29 of 3rd period - Deflect By Kent Johnson.
3:29 of 3rd period - Stopped by Cameron Talbot without a rebound.
3:30 of 3rd period - Evgeny Kuznetsov wins face-off versus Robert Thomas in PORTLAND PIRATES zone.
3:31 of 3rd period - Shot by Jeff Skinner.
3:31 of 3rd period - Stopped by Cameron Talbot with a rebound.
3:51 of 3rd period - Shot by Jeff Skinner.
3:51 of 3rd period - Shot Misses the Net.
4:07 of 3rd period - Shot by Jeff Skinner.
4:07 of 3rd period - Shot Misses the Net.
4:09 of 3rd period - Shot by Noah Hanifin.
4:09 of 3rd period - Shot Misses the Net.
4:19 of 3rd period - Shot by Kevin Fiala.
4:19 of 3rd period - Shot Misses the Net.
4:46 of 3rd period - Shot by Adrian Kempe.
4:46 of 3rd period - Stopped by Cameron Talbot without a rebound.
4:47 of 3rd period - Sam Steel wins face-off versus Pius Suter in PORTLAND PIRATES zone.
5:24 of 3rd period - Shot by Jack Quinn.
5:24 of 3rd period - Shot Misses the Net.
6:17 of 3rd period - Shot by Mika Zibanejad.
6:17 of 3rd period - Shot Misses the Net.
6:19 of 3rd period - Shot by Chandler Stephenson.
6:19 of 3rd period - Stopped by Jacob Markstrom without a rebound.
6:20 of 3rd period - Evgeny Kuznetsov wins face-off versus Robert Thomas in ANAHEIM OUTLAWS zone.
6:37 of 3rd period - Shot by Jeff Skinner.
6:37 of 3rd period - Stopped by Cameron Talbot without a rebound.
6:38 of 3rd period - Michael McLeod wins face-off versus Pius Suter in PORTLAND PIRATES zone.
7:15 of 3rd period - Shot by Kent Johnson.
7:15 of 3rd period - Stopped by Cameron Talbot with a rebound.
9:03 of 3rd period - Shot by Carter Verhaeghe.
9:03 of 3rd period - Shot Blocked by Mika Zibanejad.
9:22 of 3rd period - Michael Bunting is hit by Brett Pesce and loses puck.
10:21 of 3rd period - Shot by Pius Suter.
10:21 of 3rd period - Stopped by Cameron Talbot with a rebound.
10:58 of 3rd period - Shot by Kevin Fiala.
10:58 of 3rd period - Shot Misses the Net.
11:00 of 3rd period - Shot by Jacob Trouba.
11:00 of 3rd period - Stopped by Cameron Talbot without a rebound.
11:01 of 3rd period - Evgeny Kuznetsov wins face-off versus Michael Amadio in PORTLAND PIRATES zone.
11:15 of 3rd period - Chandler Stephenson is hit by Henri Jokiharju and loses puck.
11:45 of 3rd period - Icing by Thomas Chabot.
11:46 of 3rd period - Pius Suter wins face-off versus Robert Thomas in PORTLAND PIRATES zone.
12:48 of 3rd period - Shot by Chandler Stephenson.
12:48 of 3rd period - Stopped by Jacob Markstrom without a rebound.
12:49 of 3rd period - Sam Steel wins face-off versus Adrian Kempe in ANAHEIM OUTLAWS zone.
12:55 of 3rd period - Sam Steel is hit by Rasmus Ristolainen and loses puck.
13:24 of 3rd period - Shot by Carter Verhaeghe.
13:24 of 3rd period - Shot Hit the Post.
14:06 of 3rd period - Shot by Jeff Skinner.
14:06 of 3rd period - Stopped by Cameron Talbot without a rebound.
14:07 of 3rd period - Evgeny Kuznetsov wins face-off versus Mika Zibanejad in PORTLAND PIRATES zone.
14:42 of 3rd period - Mika Zibanejad is hit by Jacob Trouba and loses puck.
14:49 of 3rd period - Shot by Yanni Gourde.
14:49 of 3rd period - Stopped by Jacob Markstrom without a rebound.
14:50 of 3rd period - Pius Suter wins face-off versus Robert Thomas in ANAHEIM OUTLAWS zone.
14:58 of 3rd period - Icing by Marc Staal.
14:59 of 3rd period - Robert Thomas wins face-off versus Adrian Kempe in PORTLAND PIRATES zone.
15:16 of 3rd period - Off-side.
15:17 of 3rd period - Pius Suter wins face-off versus Mika Zibanejad in neutral zone.
15:17 of 3rd period - Jack Quinn is hit by Yanni Gourde and loses puck.
15:42 of 3rd period - Shot by Chandler Stephenson.
15:42 of 3rd period - Stopped by Jacob Markstrom with a rebound.
15:44 of 3rd period - Shot by Chandler Stephenson.
15:44 of 3rd period - Shot Blocked by Morgan Rielly.
15:46 of 3rd period - Shot by Mika Zibanejad.
15:46 of 3rd period - Shot Misses the Net.
15:48 of 3rd period - Shot by Yanni Gourde.
15:48 of 3rd period - Shot Blocked by Morgan Rielly.
15:50 of 3rd period - Shot by Yanni Gourde.
15:50 of 3rd period - Shot Misses the Net.
15:52 of 3rd period - Shot by Yanni Gourde.
15:52 of 3rd period - Goal by Yanni Gourde - PORTLAND PIRATES : 3 - ANAHEIM OUTLAWS : 4.
15:53 of 3rd period - Sam Steel wins face-off versus Evgeny Kuznetsov in neutral zone.
15:53 of 3rd period - Minor Penalty to Kevin Fiala for Goalie Interference.
15:54 of 3rd period - Evgeny Kuznetsov wins face-off versus Mika Zibanejad in ANAHEIM OUTLAWS zone.
16:05 of 3rd period - Shot by Robert Thomas.
16:05 of 3rd period - Deflect By Mika Zibanejad.
16:05 of 3rd period - Shot Misses the Net.
16:07 of 3rd period - Shot by Robert Thomas.
16:07 of 3rd period - Stopped by Jacob Markstrom without a rebound.
16:08 of 3rd period - Evgeny Kuznetsov wins face-off versus Chandler Stephenson in ANAHEIM OUTLAWS zone.
16:38 of 3rd period - Nick Holden is hit by Jeff Skinner and loses puck.
16:52 of 3rd period - Off-side.
16:53 of 3rd period - Mika Zibanejad wins face-off versus Evgeny Kuznetsov in neutral zone.
18:25 of 3rd period - Shot by Pierre Engvall.
18:25 of 3rd period - Stopped by Cameron Talbot without a rebound.
18:26 of 3rd period - Mika Zibanejad wins face-off versus Adrian Kempe in PORTLAND PIRATES zone.
18:46 of 3rd period - Icing by Noah Hanifin.
18:47 of 3rd period - Adrian Kempe wins face-off versus Robert Thomas in ANAHEIM OUTLAWS zone.
19:00 of 3rd period - PORTLAND PIRATES, Cameron Talbot is pulled from the net.
19:25 of 3rd period - Shot by Pavel Zacha.
19:25 of 3rd period - Shot Blocked by Noah Hanifin.
Goals for this period are 1 for PORTLAND PIRATES vs 0 for ANAHEIM OUTLAWS.
Shots for this period are 8 for PORTLAND PIRATES vs 12 for ANAHEIM OUTLAWS.


BLAKE
WHEELER
STEVEN
STAMKOS
DREW
DOUGHTY

EAST COAST

HOCKEY LEAGUE

  • 63.RHI2PIT5
  • 64.WOR4ATL3
  • 65.QUECHW
  • 66.CHATRV